 Dungeon Crawl Stone Soup version 0.23.0 (webtiles) character file.

Game seed: 9705492659234673823

905 synthclair the Cudgeler (level 7, -1/62 HPs)
             Began as a Minotaur Berserker on Feb 9, 2019.
             Was a Priest of Trog.
             Slain by an ogre
             ... wielding a +0 giant club
              (17 damage)
             ... on level 5 of the Dungeon.
             The game lasted 00:23:10 (3545 turns).

synthclair the Cudgeler (Minotaur Berserker)        Turns: 3545, Time: 00:23:10

Health: -1/62      AC:  9    Str: 23    XL:     7   Next: 80%
Magic:  6/6        EV: 12    Int:  6    God:    Trog [***...]
Gold:   160        SH:  0    Dex: 10    Spells: 6/6 levels left

rFire    . . .     SeeInvis .   E - +2 mace (crush)
rCold    . . .     Gourm    .   (no shield)
rNeg     . . .     Faith    .   r - +0 ring mail
rPois    .         Spirit   .   (helmet restricted)
rElec    .         Reflect  .   (no cloak)
rCorr    .         Harm     .   (no gloves)
MR       .....                  (no boots)
Stlth    +.........             (no amulet)
HPRegen  0.20/turn              d - +2 ring of intelligence
MPRegen  0.10/turn              j - +3 ring of protection

@: no status effects
A: retaliatory headbutt, horns 2
a: Berserk, Trog's Hand, Renounce Religion


You were on level 5 of the Dungeon.
You worshipped Trog.
Trog was most pleased with you.
You were not hungry.

You visited 1 branch of the dungeon, and saw 5 of its levels.

You collected 160 gold pieces.

Inventory:

Hand Weapons
 a - a +0 mace
 f - a +0 short sword
 g - a +0 dagger
 h - a +0 club
 m - a +0 hand axe of chopping
 o - a +0 trident
 s - a +0 spear
 B - a +0 long sword
 D - a +2 falchion of flaming
 E - a +2 mace of crushing (weapon)
 F - a +0 hand axe
Armour
 b - a +0 animal skin
 k - a +0 helmet
 l - a +0 ring mail
 r - a +0 ring mail (worn)
Jewellery
 d - a +2 ring of intelligence (left hand)
 j - a +3 ring of protection (right hand)
Wands
 w - a wand of polymorph (4)
Scrolls
 i - 2 scrolls of identify
 n - 4 scrolls of remove curse
 q - a scroll of random uselessness {unknown}
 u - a scroll of immolation {unknown}
 y - a scroll of enchant armour {unknown}
 A - a scroll of magic mapping {unknown}
 C - 2 scrolls of amnesia {unknown}
 G - a scroll of noise {unknown}
 I - a scroll of blinking {unknown}
Potions
 e - a potion of resistance {unknown}
 t - a potion of brilliance {unknown}
 x - a potion of lignification {unknown}
 z - 2 potions of flight {unknown}
 H - a potion of degeneration {unknown}
Comestibles
 c - 9 rations
 p - 2 chunks of flesh


   Skills:
 + Level 5.8 Fighting
 + Level 0.8 Long Blades
 + Level 1.3(4.9) Axes
 + Level 7.5(7.6) Maces & Flails
 + Level 5.8 Armour
 + Level 3.9 Dodging
 + Level 1.0 Stealth


You had 6 spell levels left.
You didn't know any spells.
Your spell library was empty.

Dungeon Overview and Level Annotations

Branches:
Dungeon (5/15)
 Temple: D:4-7

Altars:
Okawaru

Shops:
D:5 :


Innate Abilities, Weirdness & Mutations

You reflexively headbutt those who attack you in melee.
You have a pair of horns on your head.


Message History

An ogre comes into view. It is wielding a +0 giant club.
The ogre shouts!
You barely miss the ogre. You headbutt the ogre!
The ogre is moderately wounded.
The ogre hits you with a +0 giant club!!
* * * LOW HITPOINT WARNING * * *
You feel better. The ogre misses you.
You completely miss the ogre.
The ogre is moderately wounded.
You barely miss the ogre.
The ogre is moderately wounded.
The ogre closely misses you.
You barely miss the ogre.
You headbutt the ogre, but do no damage.
The ogre is moderately wounded.
The ogre misses you.
You barely miss the ogre. Your headbutt misses the ogre.
The ogre is moderately wounded.
The ogre hits you with a +0 giant club!
You die...

#........................
#.##....##.####.#........
#.#####.##......##.######
#.# #.##########.# #.#
#.. #.# #.# #### ### #.#
#.########## #>.....O@..#
#.###.....## #.# #.#.#..#
#.# #.....## #.# #.#.#.#
#+# #.....# ##.#.## ....#


You could see an ogre.

Vanquished Creatures
  Prince Ribbit (D:5)
  2 centaurs (D:5)
  2 scorpions
  A crimson imp (D:5)
  A hound (D:4)
  A bullfrog skeleton (D:4)
  An orc priest (D:4)
  2 orc wizards
  Natasha (thrice) (D:3)
  2 worker ants
  Robin (D:3)
  2 adders
  2 shadow imps
  2 oozes
  2 dart slugs
  2 leopard geckos (D:2)
  11 orcs
  3 giant cockroaches (D:4)
  18 goblins
  3 hobgoblins
  A quokka (D:4)
  2 ball pythons (D:2)
  6 bats
  3 frilled lizards
  7 kobolds
  7 rats
88 creatures vanquished.

Notes
Turn   | Place    | Note
-------+----------+-------------------------------------------
     0 | D:1      | synthclair the Minotaur Berserker began the quest for the
                  | Orb.
     0 | D:1      | Reached XP level 1. HP: 19/19 MP: 0/0
   239 | D:1      | Reached skill level 4 in Maces & Flails
   575 | D:1      | Reached XP level 2. HP: 27/27 MP: 1/1
  1141 | D:2      | Reached XP level 3. HP: 29/33 MP: 2/2
  1672 | D:3      | Found an iron altar of Okawaru.
  1841 | D:3      | Reached ** piety under Trog
  1861 | D:3      | Noticed Robin
  1947 | D:3      | Killed Robin
  1947 | D:3      | Reached skill level 5 in Maces & Flails
  1947 | D:3      | Reached XP level 4. HP: 41/41 MP: 3/3
  2175 | D:3      | Noticed Natasha
  2185 | D:3      | Killed Natasha
  2235 | D:3      | Noticed Natasha
  2242 | D:3      | Killed Natasha
  2242 | D:3      | Reached XP level 5. HP: 35/47 MP: 4/4
  2313 | D:3      | Noticed Natasha
  2322 | D:3      | Killed Natasha
  2522 | D:4      | Reached skill level 6 in Maces & Flails
  2545 | D:4      | Reached XP level 6. HP: 32/53 MP: 5/5
  2703 | D:4      | Reached *** piety under Trog
  3231 | D:5      | Entered Level 5 of the Dungeon
  3272 | D:5      | Reached skill level 5 in Fighting
  3390 | D:5      | Reached skill level 5 in Armour
  3390 | D:5      | Reached XP level 7. HP: 32/61 MP: 6/6
  3434 | D:5      | Noticed Prince Ribbit
  3436 | D:5      | Found Viahi's Book Boutique.
  3438 | D:5      | Reached skill level 7 in Maces & Flails
  3440 | D:5      | HP: 2/61 [Prince Ribbit (11)]
  3449 | D:5      | Killed Prince Ribbit
  3449 | D:5      | Reached skill level 1 in Axes
  3449 | D:5      | Reached skill level 1 in Stealth
  3545 | D:5      | Slain by an ogre

Skill      XL: |  1  2  3  4  5  6  7 |
---------------+----------------------+-----
Maces & Flails | 4 5 6 7 |  7.5
Fighting       | 4 5 |  5.8
Armour         | 3 4 5 |  5.8
Dodging        | 3 |  3.9
Axes           | 1 |  1.3
Stealth        | 1 |  1.0
Long Blades    | |  0.8

Action                   |  1- 3 |  4- 6 |  7- 9 || total
-------------------------+-------+-------+-------++-------
Melee: Mace              |    77 |    87 |    16 ||   180
       Headbutt          |     8 |    15 |     3 ||    26
       Hand axe          |       |     9 |       ||     9
       Falchion          |       |     4 |       ||     4
Invok: Berserk           |       |       |     1 ||     1
       Trog's Hand       |       |       |     1 ||     1
  Use: Potion            |       |       |     4 ||     4
       Scroll            |       |       |     2 ||     2
  Eat: Chunk             |     3 |     2 |     1 ||     6
       Ration            |       |     1 |       ||     1
Armor: Animal skin       |     2 |       |       ||     2
       Ring mail         |    34 |    44 |     3 ||    81
Dodge: Dodged            |    62 |    66 |    12 ||   140
